 Dungeon Crawl Stone Soup version 0.31-a0-152-g6aa68a64a1 (webtiles) character file.

Game seed: 2588175573970240599

1698 qw the Skirmisher (level 9, -4/55 HPs)
             Began as a Gargoyle Hunter on June 10, 2023.
             Was an Initiate of Okawaru.
             Slain by an unseen horror (7 damage)
             ... on level 6 of the Dungeon.
             The game lasted 00:01:50 (4397 turns).

qw the Skirmisher (Gargoyle Hunter)                 Turns: 4397, Time: 00:01:51

Health: -4/55      AC: 18    Str: 15    XL:     9   Next: 3%
Magic:  9/9        EV: 11    Int: 10    God:    Okawaru [......]
Gold:   253        SH:  0    Dex: 17    Spells: 8/8 levels left

rFire   . . .        Y - +0 longbow (elec)
rCold   . . .        (shield currently unavailable)
rNeg    + + .        g - +0 ring mail
rPois   inf          p - +0 helmet
rElec   +            (no cloak)
rCorr   .            (no gloves)
SInv    .            k - +0 pair of boots {Stlth+}
Will    .....        (no amulet)
Stlth   ++           i - ring of positive energy
HPRegen 0.29/turn    d - +4 ring of protection
MPRegen 0.11/turn

%: no passive effects
@: no status effects
A: sickness immunity, AC +6, negative energy resistance 1, electricity
resistance, torment resistance 1, petrification resistance
a: Renounce Religion


You were on level 6 of the Dungeon.
You worshipped Okawaru.
Okawaru was noncommittal.
You visited 1 branch of the dungeon, and saw 6 of its levels.

You collected 431 gold pieces.
You spent 178 gold pieces at shops.


Innate Abilities, Weirdness & Mutations

You are immune to sickness and miasma.
Your stone body is resilient. (AC +6)
You are immune to poison.
You resist negative energy. (rN+)
You are resistant to electric shocks. (rElec)
You are resistant to unholy torment.
You are immune to petrification.


   Skills:
 - Level 6.0 Fighting
 - Level 10.1 Ranged Weapons
 + Level 2.9 Armour
 - Level 2.3 Dodging
 - Level 1.1 Stealth


You had 8 spell levels left.
You didn't know any spells.
Your spell library was empty.

Inventory:

Hand Weapons
 q - a +1 sling of flaming
 Y - a +0 longbow of electrocution (weapon)
Armour
 g - a +0 ring mail (worn)
 k - a +0 pair of boots of stealth (worn)
 p - a +0 helmet (worn)
Jewellery
 d - a +4 ring of protection (right hand)
 h - a ring of fire
 i - a ring of positive energy (left hand)
 n - a ring of ice
Scrolls
 b - a scroll of identify
Potions
 a - a potion of curing
 c - a potion of magic
 e - a potion of mutation
 f - a potion of cancellation
 j - a potion of might
 l - a potion of heal wounds
 m - a potion of enlightenment {unknown}

Dungeon Overview and Level Annotations

Branches:
Dungeon (6/15)
 Temple: D:4-7

Altars:
Ashenzari
Okawaru

Shops:
D:3 (

Annotations:
D:4 3 runed translucent doors, qw's ghost, amateur GrHu; qw's ghost, amateur MiHu; qw's ghost, amateur NaHu
D:6 1 runed translucent door, qw's ghost, amateur MiHu


Message History

Something hits you but does no damage.
You shoot an arrow. Something hits you but does no damage.
You shoot an arrow. Something hits you but does no damage.
You shoot an arrow. Something hits you but does no damage.
You shoot an arrow. Something hits you but does no damage.
You shoot an arrow. Something hits you but does no damage.
You shoot an arrow. Something hits you but does no damage.
You shoot an arrow.
Something hits you but does no damage. x2
You shoot an arrow. Something hits you but does no damage.
You shoot an arrow. Something hits you but does no damage.
You shoot an arrow. Something hits you but does no damage.
You shoot an arrow. Something barely misses you.
Something hits you but does no damage.
You shoot an arrow.
Something hits you but does no damage. x2
You shoot an arrow.
Something hits you but does no damage. x2
You shoot an arrow. Something hits you!
You shoot an arrow.
Something hits you but does no damage. x3
You shoot an arrow. Something completely misses you. Something hits you!
You shoot an arrow. Something hits you.
You shoot an arrow. Something hits you. Something hits you but does no damage.
You shoot an arrow. Something hits you!
You die...

.# ***,+.....[.....'...#..# .#
#...#8.........8#...#..# .#
#...##.........####.#... .#
#....##8.....8##.##.#.## ##
#.....##.....##..##.#.##
#......##8.8##...##.#... #####
#.......##+#####.##.#### ....#
#...........# #.##..... '##.#
#......@.#######.##.....
.##.###########.##.>......##.....
.#........)## #.*#...............
.#......#...# #.*#...............
.'..........# #.*#........#......
.#..........# #...........#......
.#..........###############.#....
.#........................#.#...#
'########...####..............#.#


There were no monsters in sight!

Vanquished Creatures
  Grinder (D:5)
  An ice beast (D:5)
  A sky beast (D:5)
  A black bear (D:4)
  2 ogres
  A phantom (D:5)
  Blork the orc (D:5)
  A bullfrog (D:6)
  3 scorpions (D:5)
  A howler monkey (D:5)
  2 jellies
  3 hounds
  A gnoll bouda (D:4)
  2 orc priests (D:5)
  3 iguanas
  Jessica (D:3)
  2 orc wizards
  Robin (D:3)
  6 gnolls
  4 adders
  2 river rats (D:5)
  An ufetubus (D:6)
  2 worms
  2 dart slugs
  20 orcs
  10 bats
  3 endoplasms
  7 giant cockroaches
  12 goblins
  6 hobgoblins
  4 jackals
  4 quokkas
  6 ball pythons
  3 kobolds
  10 rats
130 creatures vanquished.

Notes
Turn   | Place    | Note
-------+----------+-------------------------------------------
     0 | D:1      | qw the Gargoyle Hunter began the quest for the Orb.
     0 | D:1      | Reached XP level 1. HP: 12/12 MP: 1/1
     0 | D:1      | 0 ||| qw: Version: 0.2-a-29-g767f381
     0 | D:1      | 0 ||| qw: Game counter: 3921
     0 | D:1      | 0 ||| qw: Always use a shield: true
     0 | D:1      | 0 ||| qw: God list: Okawaru
     0 | D:1      | 0 ||| qw: Allow faded altars: false
     0 | D:1      | 0 ||| qw: Do Orc after D:15 true
     0 | D:1      | 0 ||| qw: Do second Lair branch before Depths: true
     0 | D:1      | 0 ||| qw: Lair rune preference: random
     0 | D:1      | 0 ||| qw: Plans: Normal, Zot:1-4, Slime:5, God:TSO, Crypt,
                  | Tomb, Abyss, Pan, Hells, Win
     0 | D:1      | 0 ||| PLANNING D:1-11
    88 | D:1      | Reached XP level 2. HP: 17/17 MP: 2/2
   616 | D:1      | 616 ||| UPGRADING to +0 ring mail.
   626 | D:1      | 626 ||| DROPPING +0 leather armour.
   627 | D:1      | 627 ||| UPGRADING to +0 pair of boots of stealth.
   632 | D:1      | 632 ||| UPGRADING to ring of positive energy.
   633 | D:1      | 633 ||| READING scroll labelled LOANOFF VYLORPH.
   634 | D:1      | 634 ||| READING scroll labelled UZYMY WIPS.
   635 | D:1      | 635 ||| READING scroll labelled TEOBRY HUSCH.
   636 | D:1      | 636 ||| DROPPING scroll of butterflies.
   679 | D:2      | Reached XP level 3. HP: 21/21 MP: 3/3
   680 | D:2      | 680 ||| STAIRDANCE
   722 | D:2      | Reached skill level 1 in Armour
   788 | D:2      | Reached skill level 5 in Ranged Weapons
  1292 | D:2      | 1292 ||| READING scroll labelled OLARUETRUR.
  1295 | D:2      | 1295 ||| DRINKING 2 puce potions.
  1296 | D:2      | 1296 ||| DROPPING potion of invisibility.
  1329 | D:3      | Reached XP level 4. HP: 27/27 MP: 4/4
  1346 | D:3      | Reached skill level 3 in Fighting
  1365 | D:3      | Found a faded altar of an unknown god.
  1369 | D:3      | 1369 ||| DROPPING +0 sling of freezing.
  1406 | D:3      | Noticed Jessica
  1418 | D:3      | Killed Jessica
  1705 | D:3      | Found Jiwib's Weapon Emporium.
  1710 | D:3      | 1710 ||| BUYING +0 longbow of draining (178 gold).
  1710 | D:3      | Bought a +0 longbow of draining for 178 gold pieces
  1710 | D:3      | 1710 ||| SWAPPING to +0 longbow of draining.
  1711 | D:3      | 1711 ||| DROPPING +1 shortbow.
  1716 | D:3      | Identified the +0 leather armour of Red Satisfaction
                  | {Stlth+}
  1741 | D:3      | Reached XP level 5. HP: 32/32 MP: 5/5
  1800 | D:3      | Noticed Robin
  1801 | D:3      | 1801 ||| Stepping ~*~*~tactically~*~*~ (outnumbered).
  1810 | D:3      | Killed Robin
  1811 | D:3      | Reached skill level 6 in Ranged Weapons
  1979 | D:3      | 1979 ||| DROPPING +0 leather armour of Red Satisfaction
                  | {Stlth+}.
  1980 | D:3      | 1980 ||| UPGRADING to +0 helmet.
  1985 | D:3      | 1985 ||| UPGRADING to +4 ring of protection.
  1986 | D:3      | 1986 ||| READING scroll labelled PUNKIGUIHY.
  1987 | D:3      | 1987 ||| READING scroll labelled VIOKETAWUS.
  1988 | D:3      | 1988 ||| READING 3 scrolls of identify.
  1988 | D:3      | 1988 ||| IDENTIFYING smoky brown potion
  1989 | D:3      | 1989 ||| READING 2 scrolls of identify.
  1989 | D:3      | 1989 ||| IDENTIFYING white potion
  2033 | D:4      | Reached XP level 6. HP: 38/38 MP: 6/6
  2235 | D:4      | Noticed a black bear
  2239 | D:4      | Reached skill level 7 in Ranged Weapons
  2241 | D:4      | Killed a black bear
  2242 | D:4      | Reached XP level 7. HP: 43/43 MP: 7/7
  2476 | D:4      | Found a runed translucent gate.
  2476 | D:4      | Found a runed translucent gate.
  2476 | D:4      | Found a runed translucent gate.
  2478 | D:4      | Noticed qw's ghost (amateur NaHu)
  2478 | D:4      | Noticed qw's ghost (amateur GrHu)
  2479 | D:4      | Noticed qw's ghost (amateur MiHu)
  2479 | D:4      | Noticed qw's ghost (amateur GrHu)
  2654 | D:4      | 2654 ||| DROPPING +0 pair of boots of stealth.
  2655 | D:4      | 2655 ||| READING scroll labelled IKLOAQEIZXEY.
  2656 | D:4      | 2656 ||| READING scroll labelled OLYACVOWNY.
  2657 | D:4      | 2657 ||| READING scroll labelled KURIYK YWUEMACH.
  2658 | D:4      | 2658 ||| READING 4 scrolls of identify.
  2658 | D:4      | 2658 ||| IDENTIFYING grey potion
  2659 | D:4      | 2659 ||| READING 3 scrolls of identify.
  2659 | D:4      | 2659 ||| IDENTIFYING amethyst potion
  2660 | D:4      | 2660 ||| READING 2 scrolls of identify.
  2660 | D:4      | 2660 ||| IDENTIFYING fizzy emerald potion
  2661 | D:4      | 2661 ||| DROPPING potion of berserk rage.
  2711 | D:5      | Entered Level 5 of the Dungeon
  2712 | D:5      | 2712 ||| PLANNING SEWER
  2714 | D:5      | Noticed Grinder
  2724 | D:5      | Paralysed by Grinder for 5 turns
  2750 | D:5      | Killed Grinder
  2770 | D:5      | Reached skill level 8 in Ranged Weapons
  2902 | D:5      | Reached XP level 8. HP: 50/50 MP: 8/8
  2983 | D:5      | 2983 ||| FLEEEEING.
  2984 | D:5      | 2984 ||| FLEEEEING.
  2985 | D:5      | 2985 ||| STAIRDANCE
  3092 | D:4      | 3092 ||| READING scroll labelled VILLUSTR JIOQ.
  3284 | D:5      | Noticed Blork the orc
  3289 | D:5      | Killed Blork the orc
  3298 | D:5      | 3298 ||| FLEEEEING.
  3298 | D:5      | 3298 ||| RIP SEWER
  3299 | D:5      | 3299 ||| PLANNING D:1-11
  3339 | D:5      | Reached skill level 9 in Ranged Weapons
  3356 | D:5      | Reached skill level 6 in Fighting
  3789 | D:5      | 3789 ||| READING scroll labelled DUGIER PI HUDU.
  3790 | D:5      | 3790 ||| READING scroll labelled FUTEGO GIFEA.
  3939 | D:6      | Found a runed translucent door.
  3939 | D:6      | Noticed qw's ghost (amateur MiHu)
  4006 | D:6      | Found a broken altar of Ashenzari.
  4042 | D:6      | Identified the +8 short sword of Shrieking Terror
                  | {antimagic, rF- Dex+5}
  4103 | D:6      | Reached skill level 10 in Ranged Weapons
  4103 | D:6      | Reached XP level 9. HP: 55/55 MP: 9/9
  4286 | D:6      | Found an iron altar of Okawaru.
  4287 | D:6      | 4287 ||| PLANNING OKAWARU WORSHIP
  4287 | D:6      | 4287 ||| READING scroll labelled ICEILU VEOZI.
  4288 | D:6      | 4288 ||| DRINKING 2 yellow potions.
  4289 | D:6      | 4289 ||| READING 2 scrolls of identify.
  4289 | D:6      | 4289 ||| IDENTIFYING green potion
  4294 | D:6      | Became a worshipper of Warmaster Okawaru
  4294 | D:6      | 4294 ||| PLANNING D:1-11
  4376 | D:6      | HP: 13/55 [something (5)]
  4392 | D:6      | HP: 12/55 [something (7)]
  4394 | D:6      | HP: 4/55 [something (9)]
  4397 | D:6      | Slain by an unseen horror

Levels and vault maps discovered:
D:1:      noname_arrival_rooms_in_the_neighbourhood, layout_loops_ring,
          serial_bayou_pond_b, dreamdust_wishing_well
D:2:      layout_loops_ring, minmay_distorted
D:3:      layout_loops_ring, serial_shops, shop,
          ebering_ecumenical_altar_sacrificial, uniq_jessica, uniq_robin
D:4:      layout_loops_ring, gammafunk_ghost_cemetery
D:5:      kennysheep_spiral_hall, layout_basic, gup_sewer_entry_spiral,
          kennysheep_generic_room_4, uniq_blork_the_orc, uniq_grinder
D:6:      layout_basic, mainiacjoe_overflow_six_doors_small,
          hellmonk_okawaru_the_only_friend_you_need,
          mainiacjoe_overflow_catwalk, ebering_ghost_inner_flame,
          dk_noncrumbling_4, minmay_manual_monstrance

Skill      XL: |  1  2  3  4  5  6  7  8 |
---------------+-------------------------+-----
Armour         | 1 2 |  2.9
Ranged Weapons | 5 6 7 8 10 | 10.1
Fighting       | 3 4 5 6 |  6.0
Dodging        | 2 |  2.3
Stealth        | |  1.1

Action                     |  1- 3 |  4- 6 |  7- 9 || total
---------------------------+-------+-------+-------++-------
   Fire: Shortbow          |   116 |    42 |       ||   158
         Longbow           |       |    55 |   190 ||   245
    Use: Scroll            |     4 |     4 |    11 ||    19
         Potion            |     1 |       |     1 ||     2
 Armour: Leather armour    |     7 |       |       ||     7
         Ring mail         |    16 |    16 |    95 ||   127
  Dodge: Dodged            |    41 |    16 |    35 ||    92

Table legend:
 A = Non-vault XP
 B = Vault XP
 C = Vault XP percentage of total XP
 D = Non-vault monster count
 E = Vault monster count
 F = Vault count percentage of total count
                 A         B        C        D         E       F
            +---------+---------+-------+---------+---------+-------
      Total |    1471 |     956 |  39.4 |     105 |      25 |  19.2
            +---------+---------+-------+---------+---------+-------
        D:1 |      35 |       2 |   5.4 |      21 |       1 |   4.5
        D:2 |      37 |       3 |   7.5 |      20 |       2 |   9.1
        D:3 |      87 |      60 |  40.8 |      19 |       6 |  24.0
        D:4 |     459 |       0 |   0.0 |      17 |       0 |   0.0
        D:5 |     634 |     746 |  54.1 |      20 |      13 |  39.4
        D:6 |     219 |     145 |  39.8 |       8 |       3 |  27.3
            +---------+---------+-------+---------+---------+-------
